 Dungeon Crawl Stone Soup version 0.31.0-9-g3a7656b989 (webtiles) character file.

Game seed: 15831016589838704851

752 MackTheKnife the Poker (level 7, -6/64 HPs)
             Began as a Naga Shapeshifter on Jan 24, 2024.
             Was a Follower of Okawaru.
             Mangled by Pikel
             ... wielding a +1 whip of electrocution
              (11 damage)
             ... on level 5 of the Dungeon.
             The game lasted 00:08:18 (4133 turns).

MackTheKnife the Poker (Naga Shapeshifter)          Turns: 4133, Time: 00:08:18

Health: -6/64      AC:  6    Str: 17    XL:     7   Next: 78%
Magic:  7/7        EV: 10    Int: 16    God:    Okawaru [*.....]
Gold:   195        SH:  5    Dex: 12    Spells: 6/6 levels left

rFire   . . .        q - +5 Force Lance {heavy, knockback}
rCold   . . .        (no shield)
rNeg    . . .        a - +0 animal skin
rPois   +            (no helmet)
rElec   .            (no cloak)
rCorr   .            s - +2 pair of gloves {infuse}
SInv    +            (no barding)
Will    .....        i - amulet of reflection
Stlth   +++          h - +6 ring of intelligence
HPRegen 0.30/turn    (no ring)
MPRegen 0.10/turn

%: reflection, infuse magic (1 MP)
@: about to teleport, short of breath, very slow
A: AC +2, large, see invisible, deformed body, poison resistance, slowness 2,
spit poison 1, naga tail 1
a: Spit Poison, Renounce Religion, Heroism


You were on level 5 of the Dungeon.
You worshipped Okawaru.
Okawaru was aware of your devotion.
You visited 2 branches of the dungeon, and saw 6 of its levels.

You collected 291 gold pieces.
You spent 96 gold pieces at shops.


Innate Abilities, Weirdness & Mutations

Your serpentine skin is tough. (AC +2)
You have supernaturally acute eyesight. (SInv)
Armour fits poorly on your strangely shaped body.
Your system is resistant to poisons. (rPois)
You cover ground very slowly.
You can spit poison.
You have a snake-like lower body.


   Skills:
 - Level 4.0 Fighting
 + Level 6.3 Polearms
 - Level 1.5 Dodging
 - Level 5.0 Stealth
 - Level 3.0 Unarmed Combat
 - Level 3.0 Shapeshifting


You had 6 spell levels left.
You didn't know any spells.
Your spell library contained the following spells:

 Spells                   Type           Power      Damage    Failure   Level
 Magic Dart               Conj           0%         1d3       26%         1
 Cigotuvi's Dreadful Rot  Necr/Alch/Air  0%         N/A       36%         2
 Searing Ray              Conj           0%         2d4       36%         2
 Static Discharge         Conj/Air       0%         3-3/arc   36%         2
 Airstrike                Air            0%         2d(0-16)  94%         4
 Dispel Undead            Necr           0%         3d6       94%         4
 Fulminant Prism          Conj/Alch      0%         3d5       94%         4
 Orb of Destruction       Conj           0%         9d5       100%        7
 Martyr's Knell           Necr/Summ      Unusable   N/A       N/A         4
 Summon Blazeheart Golem  Fire/Summ      Unusable   N/A       N/A         4
 Summon Lightning Spire   Summ/Air       Unusable   N/A       N/A         4
 Death Channel            Necr           Unusable   N/A       N/A         6
 Spellforged Servitor     Conj/Summ      Unusable   N/A       N/A         7

Inventory:

Hand Weapons
 q - the +5 Force Lance (weapon) {heavy, knockback}
   (You found it on level 2 of the Dungeon)
Missiles
 o - 13 poisoned darts (quivered) {throwing}
Armour
 a - a +0 animal skin (worn)
 k - a +0 scale mail of fire resistance
   (You found it on level 1 of the Dungeon)
 s - a +2 pair of gloves of infusion (worn)
   (You found it on level 3 of the Dungeon)
Magical Staves
 m - a staff of air {staff}
   (You found it on level 2 of the Dungeon)
Jewellery
 h - a +6 ring of intelligence (left hand)
   (You found it on level 1 of the Dungeon)
 i - an amulet of reflection (around neck)
   (You found it on level 1 of the Dungeon)
 n - a ring of fire
   (You found it on level 2 of the Dungeon)
Wands
 d - a wand of flame (23)
   (You found it on level 3 of the Dungeon)
Scrolls
 c - a scroll of silence {!r}
 e - a scroll of amnesia
 f - a scroll of revelation
 l - 2 scrolls of poison
 p - a scroll of teleportation {@r4}
 r - a scroll of enchant weapon
 t - a scroll of immolation {!r!r}
 v - a scroll of fog
Potions
 b - a potion of lignification {!q}
 g - a potion of haste {@q3}
 u - 3 potions of curing {@q1}

Dungeon Overview and Level Annotations

Branches:
Dungeon (5/15) Zot: 24926  Temple (1/1) D:5 Zot: 5848

Altars:
Ashenzari
Cheibriados
Elyvilon
Fedhas
Gozag
Hepliaklqana
Kikubaaqudgha
Makhleb
Nemelex Xobeh
Okawaru
Ru
Sif Muna
Trog
Uskayaw
Vehumet
Wu Jian
Xom
Yredelemnul
Zin
The Shining One

Shops:
D:5 (:*(**

Annotations:
D:3 Eustachio
D:5 Pikel

#...# #...# ##..# #######
#...###.....##
#...#5.......##
##....5######5.##
#....#.######...##
##...#K##......5.# ###
####..#@##.....##.# ###.#
###.......##..∩..# ..#
....####.#....##.##.....#
...
.<...##.................#
..##
....................#####
## ....................#
...................5..
..#.#.................#
..####...............##


You could see Pikel and 2 lemures.


Message History

You barely miss the jackal. You block the jackal's attack.
The jackal bites you. 😕 HP[-1]
You take 1 damage, and now have 63/64 hp.
You completely miss the jackal.
The jackal bites you but does no damage. x2
You barely miss the jackal.
The jackal bites you but does no damage.
You puncture the jackal!
You kill the jackal!
Okawaru accepts your kill. 😎 HP[+1] MP[-1]
Your hp is fully restored (64).
You lost 1 mp, and now have 6/7 mp.
No target in view!
No target in view!
o - 11 poisoned darts {throwing} (gained 1)
o - 12 poisoned darts {throwing} (gained 1)
o - 13 poisoned darts {throwing} (gained 1) Key pressed, stopping explore.
There is an entrance to Pumoixza's Antique Weapon Shoppe here. 😎 MP[+1]
Your mp is fully restored (7).
Key pressed, stopping explore.
Key pressed, stopping explore.
Found Qoliol's Self-Published Books.
A lemure comes into view.
A lemure is nearby!
A lemure is nearby!
What are your orders? t - Shout!
Orders for allies: a - Attack new target. r - Retreat! s - Stop attacking. g - Guard the area. f - Follow me.
Anything else - Cancel.
You shout for attention!
You hear a shout! x4
You start waiting.
A lemure is nearby!
Unknown command.
A lemure comes into view.
The lemure attacks as it pursues you! The lemure hits you but does no damage.
The lemure attacks as it pursues you! The lemure hits you. 😕 HP[-5]
You take 5 damage, and now have 59/64 hp.
The lemure barely misses you. The lemure attacks as it pursues you!
The lemure hits you. 😕 HP[-3]
You take 3 damage, and now have 56/64 hp. 😕 HP[+1]
You block the lemure's attack. 😕 HP[+1]
The lemure hits you. 😕 HP[-5]
You take 5 damage, and now have 53/64 hp. 😕 HP[+1]
You reach to attack!
You barely miss Pikel. You barely miss Pikel. You block Pikel's attack.
You completely miss Pikel.
Pikel hits you with a +1 whip of electrocution.
You are electrocuted! 😮 HP[-15]
You take 15 damage, and now have 39/64 hp.
MASSIVE DAMAGE!! (PAUSE)
Aiming: Spit Poison (1% risk of failure)
Press: ? - help, Shift-Dir - straight line, f/p - Pikel
Aim: Pikel, wielding a +1 whip of electrocution and wearing a +0 robe (50% to hit)
The splash of poison misses Pikel.
The splash of poison misses the lemure.
Pikel hits you with a +1 whip of electrocution. 😮 HP[-6]
You take 6 damage, and now have 33/64 hp.
You miss Pikel.
Pikel hits you with a +1 whip of electrocution!
* * * LOW HITPOINT WARNING * * *
😨 HP[-11]
You take 11 damage, and now have 22/64 hp.
Okay, then.
Unknown command.
Okay, then.
Unknown command.
Press: ? - help, v - describe, . - travel
Here: Pikel, wielding a +1 whip of electrocution and wearing a +0 robe The floor.
Unknown command.
Unknown command.
As you read the scroll of teleportation {@r4}, it crumbles to dust.
You feel strangely unstable.
The lemure shouts!
Pikel hits you but does no damage.
You are electrocuted!
* * * LOW HITPOINT WARNING * * *
Unknown command. 😱 HP[-14]
You take 14 damage, and now have 8/64 hp.
MASSIVE DAMAGE!! (PAUSE) Unknown command.
Pikel attacks as he pursues you!
Pikel hits you with a +1 whip of electrocution.
* * * LOW HITPOINT WARNING * * *
You are electrocuted!
You die...
Pikel says, "Another soul for the market."

Skill      XL: |  1  2  3  4  5  6  7 |
---------------+----------------------+-----
Stealth        | 2 4 5 |  5.0
Fighting       | 2 3 4 |  4.0
Polearms       | 1 2 4 6 |  6.3
Dodging        | |  1.5
Unarmed Combat | |  3.0
Shapeshifting  | |  3.0

Action                     |  1- 3 |  4- 6 |  7- 9 || total
---------------------------+-------+-------+-------++-------
  Melee: Unarmed           |    21 |       |       ||    21
         Dagger            |    28 |     1 |       ||    29
         Lance             |       |    96 |    50 ||   146
  Throw: Dart              |       |     4 |       ||     4
Ability: Spit Poison       |    20 |     1 |     2 ||    23
    Use: Scroll            |       |     8 |     4 ||    12
   Stab: Sleeping          |     1 |     3 |       ||     4
         Distracted        |       |     1 |       ||     1
 Armour: Animal skin       |    34 |    54 |    44 ||   132
  Dodge: Dodged            |    24 |    41 |    20 ||    85
  Block: Other             |     6 |    22 |    13 ||    41
         Reflection        |       |     1 |       ||     1
         Form:             |       |     1 |       ||     1
         Beast             |       |     1 |       ||     1

Levels and vault maps discovered:
D:1:      sevenhm_arrival_forest_fort_large_2, layout_loops_ring,
          grunt_decor_resistance
D:2:      layout_basic, basic_altar, minmay_tromino_v4_c
D:3:      cheibrodos_helix_gallery, layout_rooms, grunt_temple_overflow_open,
          serial_park_tiny_2, serial_bayou_ford_a
D:4:      layout_rooms, uniq_eustachio
D:5:      layout_cave_pools, minmay_temple_entry_sparse_star, serial_shops,
          nicolae_stop_n_shop_2, nicolae_custom_books, corexii_corridor_pit,
          dk_noncrumbling_4, minmay_shop_grid_forest, uniq_pikel
Temple:   nicolae_temple_bog_church

Notes
Turn   | Place    | Note
-------+----------+-------------------------------------------
     0 | D:1      | MackTheKnife the Naga Shapeshifter began the quest for the
                  | Orb.
     0 | D:1      | Reached XP level 1. HP: 18/18 MP: 1/1
     0 | D:1      | magus.rc [v1.9.6]
    96 | D:1      | Reached skill level 1 in Stealth
   157 | D:1      | Reached skill level 2 in Stealth
   238 | D:1      | Reached XP level 2. HP: 17/25 MP: 2/2
   304 | D:1      | Reached skill level 3 in Stealth
   602 | D:1      | You pick up a book of Dangerous Friends and begin
                  | reading...
   602 | D:1      | You add the spells Summon Blazeheart Golem, Orb of
                  | Destruction and Spellforged Servitor to your library.
   668 | D:1      | Reached skill level 4 in Stealth
   677 | D:1      | You pick up a book of Conjurations {@e2} and begin
                  | reading...
   677 | D:1      | You add the spells Magic Dart, Searing Ray and Fulminant
                  | Prism to your library.
   742 | D:1      | Reached XP level 3. HP: 24/31 MP: 3/3
  1224 | D:2      | Reached skill level 5 in Stealth
  1317 | D:2      | Reached XP level 4. HP: 31/39 MP: 4/4
  1510 | D:2      | Found the +5 Force Lance {heavy, knockback}
  1578 | D:2      | Reached skill level 2 in Fighting
  1616 | D:2      | Found a hide-covered altar of Uskayaw.
  2165 | D:3      | Found a burning altar of Makhleb.
  2166 | D:3      | Found a sacrificial altar of Ru.
  2168 | D:3      | Found a sparkling altar of Nemelex Xobeh.
  2168 | D:3      | Found an ornate altar of the Wu Jian Council.
  2171 | D:3      | Found a shimmering blue altar of Sif Muna.
  2171 | D:3      | Found an iron altar of Okawaru.
  2172 | D:3      | Found a white marble altar of Elyvilon.
  2178 | D:3      | Reached skill level 1 in Polearms
  2178 | D:3      | Reached XP level 5. HP: 46/46 MP: 5/5
  2391 | D:3      | Became a worshipper of Warmaster Okawaru
  2419 | D:4      | Noticed Eustachio
  2487 | D:4      | Reached skill level 3 in Fighting
  2487 | D:4      | Reached skill level 2 in Polearms
  2756 | D:4      | Reached XP level 6. HP: 48/57 MP: 1/6
  2759 | D:4      | Reached skill level 3 in Polearms
  3276 | D:5      | Entered Level 5 of the Dungeon
  3297 | D:5      | Noticed Pikel
  3297 | D:5      | Found Pumoixza's Antique Weapon Shoppe.
  3299 | D:5      | Reached skill level 4 in Fighting
  3346 | D:5      | Noticed an ice beast
  3354 | D:5      | Killed an ice beast
  3354 | D:5      | Reached * piety under Okawaru
  3355 | D:5      | Reached skill level 4 in Polearms
  3427 | D:4      | Reached XP level 7. HP: 37/64 MP: 1/7
  3530 | D:5      | Found Icohiti's General Store.
  3530 | D:5      | Found Zoonanke's General Store.
  3544 | D:5      | Found Qeguusig's General Store.
  3546 | D:5      | Found Mynuadwi's Weapon Shop.
  3561 | D:5      | Bought a scroll of teleportation for 36 gold pieces
  3565 | D:5      | Bought 2 scrolls of identify for 40 gold pieces
  3565 | D:5      | Bought a scroll of identify for 20 gold pieces
  3575 | D:5      | You pick up a book of Decay and begin reading...
  3575 | D:5      | You add the spells Cigotuvi's Dreadful Rot and Dispel
                  | Undead to your library.
  3583 | D:5      | Found a staircase to the Ecumenical Temple.
  3587 | D:5      | Reached skill level 5 in Polearms
  3600 | D:5      | HP: 15/64 [orc/+0 flail (4)]
  3609 | Temple   | Entered the Ecumenical Temple
  3791 | D:5      | You pick up a book of Storms and begin reading...
  3791 | D:5      | You add the spells Static Discharge and Airstrike to your
                  | library.
  3805 | D:5      | Reached skill level 6 in Polearms
  4107 | D:5      | Found Qoliol's Self-Published Books.
  4132 | D:5      | HP: 8/64 [Pikel/+1 whip of electrocution (15)]
  4133 | D:5      | Mangled by Pikel

Vanquished Creatures
  An ice beast (D:5)
  A centaur (D:5)
  A howler monkey (D:5)
  4 bombardier beetles
  An orc priest (D:5)
  A hound (D:4)
  A gnoll bouda (D:4)
  5 orc wizards
  4 gnolls
  7 adders
  5 dart slugs
  12 orcs
  2 ball pythons
  4 endoplasms
  A giant cockroach (D:4)
  6 goblins
  7 hobgoblins
  7 jackals (D:5)
  3 quokkas
  5 bats
  4 frilled lizards
  8 kobolds
  4 rats
94 creatures vanquished.

Table legend:
 A = Non-vault XP
 B = Vault XP
 C = Vault XP percentage of total XP
 D = Non-vault monster count
 E = Vault monster count
 F = Vault count percentage of total count
                 A         B        C        D         E       F
            +---------+---------+-------+---------+---------+-------
      Total |    1054 |      21 |   2.0 |      90 |       4 |   4.3
            +---------+---------+-------+---------+---------+-------
        D:1 |      36 |       0 |   0.0 |      21 |       0 |   0.0
        D:2 |      55 |      15 |  21.4 |      11 |       2 |  15.4
        D:3 |      66 |       6 |   8.3 |      11 |       2 |  15.4
        D:4 |     302 |       0 |   0.0 |      21 |       0 |   0.0
        D:5 |     595 |       0 |   0.0 |      26 |       0 |   0.0
            +---------+---------+-------+---------+---------+-------

Skill      XL: |  1  2  3  4  5  6  7 |
---------------+----------------------+-----
Stealth        | 2 4 5 |  5.0
Fighting       | 2 3 4 |  4.0
Polearms       | 1 2 4 6 |  6.3
Dodging        | |  1.5
Unarmed Combat | |  3.0
Shapeshifting  | |  3.0

Action                     |  1- 3 |  4- 6 |  7- 9 || total
---------------------------+-------+-------+-------++-------
  Melee: Unarmed           |    21 |       |       ||    21
         Dagger            |    28 |     1 |       ||    29
         Lance             |       |    96 |    50 ||   146
  Throw: Dart              |       |     4 |       ||     4
Ability: Spit Poison       |    20 |     1 |     2 ||    23
    Use: Scroll            |       |     8 |     4 ||    12
   Stab: Sleeping          |     1 |     3 |       ||     4
         Distracted        |       |     1 |       ||     1
 Armour: Animal skin       |    34 |    54 |    44 ||   132
  Dodge: Dodged            |    24 |    41 |    20 ||    85
  Block: Other             |     6 |    22 |    13 ||    41
         Reflection        |       |     1 |       ||     1
         Form:             |       |     1 |       ||     1
         Beast             |       |     1 |       ||     1

Illustrated notes

Table legend:
 A = Kills in this place as a percentage of kills in the entire game.
 B = Kills by you in this place as a percentage of kills by you in the entire game.
 C = Kills by friends in this place as a percentage of kills by friends in the entire game.
 D = Other kills in this place as a percentage of other kills in the entire game.
 E = Experience gained in this place as a percentage of experience gained in the entire game.
 F = Experience gained in this place divided by the number of levels of this place that you have seen.
                   A       B       C       D       E      F
               +-------+-------+-------+-------+-------+----------------------
         Total | 100.0 | 100.0 |   N/A |   N/A | 100.0 | 179.2
       Dungeon | 100.0 | 100.0 |   N/A |   N/A | 100.0 | 215.0
               +-------+-------+-------+-------+-------+----------------------

Table legend: (Time is in decaauts)
 A = Elapsed time spent in this place.
 B = Non-inter-level travel time spent in this place.
 C = Inter-level travel time spent in this place.
 D = Time resting spent in this place.
 E = Time spent auto-exploring this place.
 F = Levels seen in this place.
 G = Mean time per level.
                   A        B        C        D        E       F      G
               +--------+--------+--------+--------+--------+-----+--------+
         Total |   5223 |   4822 |    401 |    721 |   3208 |   6 |  870.5 |
       Dungeon |   5071 |   4670 |    401 |    571 |   3208 |   5 | 1014.2 |
        Temple |    151 |    151 |      0 |    150 |      0 |   1 |  151.0 |
               +--------+--------+--------+--------+--------+-----+--------+

Top non-repeatable levels by time:
     D:1: 1306 daAuts
     D:4: 1216 daAuts
     D:2: 1042 daAuts
     D:3: 983 daAuts
     D:5: 522 daAuts
  Temple: 151 daAuts
